Blackdemons vs Senators (R1)

Created - October 27, 2017 at 22:39

Goals
1 2 3 T
Blackdemons 1 1 1 3
Senators 0 1 3 4
Shots
1 2 3 T
Blackdemons 9 16 8 33
Senators 8 21 15 44

1st period

1. Blackdemons , Andy McDonald 4 (Andrew MacDonald 9, Patrice Cormier 5) at 14:37

Penalties :
Tommy Wingels (BIN) for Hooking (Minor) at 6:35, Tomas Jurco (BIN) for Tripping (Minor) at 16:12

2nd period

2. Blackdemons , Ales Kotalik 2 (Keaton Ellerby 7) at 10:28
3. Senators , Tomas Jurco 1 (Nicolas Deslauriers 5) at 16:01

Penalties :
Dylan Blujus (BIN) for Tripping (Minor) at 3:07, Mathew Dumba (MJM) for Cross-checking (Minor) at 11:15

3rd period

4. Senators , Shane Prince 1 (Gabriel Bourque 5, Marc-André Bernier 3) at 6:26
5. Senators , Patrick Wey 2 (Chris Thorburn 7, Logan Stephenson 2) at 9:55 (PP)
6. Blackdemons , Andy McDonald 5 (Martin Hanzal 5) at 17:02 (PP)
7. Senators , Chris Thorburn 5 (Sergei Kostitsyn 7, Tommy Wingels 4) at 19:33

Penalties :
Blake Pietila (MJM) for Slashing (Minor) at 6:35, Alexandre Grenier (MJM) for Roughing (Minor) at 9:10, Charles-Olivier Roussel (MJM) for Interference (Minor) at 16:51, Chris Thorburn (BIN) for Tripping (Minor) at 16:54, Logan Stephenson (BIN) for Interference (Minor) at 16:57

Goalie Stats

Alexander Salak (MJM), 40 saves from 44 shots - (0.909), L, 0-1-0, 59:52 minutes
Brad Thiessen (BIN), 30 saves from 33 shots - (0.909), W, 3-1-0, 60:00 minutes

Players Stats for Blackdemons

Player Name              G  A  P  +/- PIM S  H  SB GA TA FO     MP     PP MP  PK MP  
------------------------------------------------------------------------------------
Ales Kotalik             1  0  1  -1  0   2  2  1  1  0  1/3    20:41   2:14   1:35 
Alexandre Grenier        0  0  0   0  2   1  0  0  0  1  0/0    11:32   0:53   0:00 
Andrew MacDonald         0  1  1   0  0   1  0  5  1  1  0/0    26:36   4:09   2:53 
Andy McDonald            2  0  2   1  0   7  0  0  1  0  2/8    19:00   3:14   2:35 
Blake Pietila            0  0  0  -1  2   0  1  1  0  0  1/2    17:50   1:56   0:20 
Brett Kulak              0  0  0   0  0   0  0  1  0  1  0/0     7:30   0:00   0:00 
Calvin de Haan           0  0  0  -2  0   1  0  3  1  1  0/0    14:01   1:54   1:56 
Charles-Olivier Roussel  0  0  0  -2  2   1  0  1  0  0  0/0     8:32   0:06   0:00 
Jeffrey Foss             0  0  0   1  0   2  1  3  1  0  0/0    17:29   1:54   1:53 
Keaton Ellerby           0  1  1   1  0   6  2  3  0  0  0/0    21:23   4:09   2:50 
Klas Dahlbeck            0  0  0   0  0   0  2  0  0  0  0/0     7:30   0:00   0:00 
Kyle Rau                 0  0  0  -1  0   0  0  0  0  0  2/2     9:53   0:00   0:36 
Mackenzie MacEachern     0  0  0  -1  0   0  0  0  0  1  0/0     9:03   0:00   0:00 
Martin Hanzal            0  1  1  -1  0   4  1  0  0  1  8/19   21:59   2:14   2:35 
Mathew Dumba             0  0  0   0  2   0  3  3  0  1  0/0    17:10   0:00   0:00 
Max Friberg              0  0  0  -1  0   0  0  1  0  0  0/0     9:33   0:29   0:00 
Mikko Lehtonen           0  0  0   1  0   2  1  1  0  0  0/1    14:58   3:14   0:00 
Noel Acciari             0  0  0   0  0   2  0  1  0  0  3/4    10:52   0:35   0:00 
Patrice Cormier          0  1  1   1  0   4  1  0  1  0  8/16   17:16   3:14   1:35 
Scott Wilson             0  0  0   0  0   0  2  1  0  0  0/0    10:26   0:00   0:16 

Players Stats for Senators

Player Name              G  A  P  +/- PIM S  H  SB GA TA FO     MP     PP MP  PK MP  
------------------------------------------------------------------------------------
Chandler Stephenson      0  0  0   0  0   0  0  0  0  0  1/3     2:15   0:00   1:56 
Chris Thorburn           1  1  2   1  2   6  2  0  0  0  0/1    20:40   2:14   1:26 
Dylan Blujus             0  0  0   2  2   0  0  0  0  1  0/0    12:30   0:00   0:15 
Gabriel Bourque          0  1  1   0  0   1  2  0  2  0  0/0    12:43   0:00   1:49 
Gabriel Landeskog        0  0  0  -1  0   6  1  0  0  1  2/2    19:24   2:31   3:27 
Jeff Petry               0  0  0   0  0   0  1  2  1  0  0/0    21:03   1:23   3:13 
Keegan Lowe              0  0  0   2  0   2  1  0  0  0  0/0    11:57   0:00   0:26 
Logan Stephenson         0  1  1  -1  2   0  2  2  0  1  0/0    25:59   3:23   2:29 
Marc-André Bernier       0  1  1   0  0   4  0  0  1  0  0/1    10:27   0:00   0:00 
Matt Frattin             0  0  0  -1  0   0  1  0  0  0  1/1    14:52   2:31   0:00 
Nick Bjugstad            0  0  0  -1  0   3  0  0  0  0  6/12   14:52   2:31   0:00 
Nicolas Deslauriers      0  1  1   0  0   5  1  1  0  0  0/0    21:15   1:23   3:13 
Patrick Bordeleau        0  0  0   1  0   2  0  0  1  0  0/0     7:41   0:00   0:00 
Patrick Wey              1  0  1  -1  0   2  2  1  1  1  0/0    27:19   3:23   2:40 
Phil Di Giuseppe         0  0  0   0  0   0  0  0  0  0  0/0     0:18   0:00   0:00 
Rocco Grimaldi           0  0  0   0  0   0  0  0  0  0  0/0     0:00   0:00   0:00 
Ryan Dzingel             0  0  0   0  0   0  0  0  0  0  0/0     1:21   0:00   0:47 
Sergei Kostitsyn         0  1  1   1  0   4  4  0  1  0  3/7    21:49   2:15   2:03 
Shane Prince             1  0  1   0  0   1  1  0  0  0  2/4    10:27   0:00   0:00 
Tomas Jurco              1  0  1   1  2   5  1  0  0  0  0/0     7:46   0:00   0:00 
Tommy Wingels            0  1  1   1  2   2  4  0  0  1  13/21  18:49   2:15   0:00 
Zemgus Girgensons        0  0  0   1  0   1  0  0  0  1  2/3     8:24   0:00   0:43 

3 Stars

1 - Andy McDonald (MJM)
2 - Chris Thorburn (BIN)
3 - Sergei Kostitsyn (BIN)

Power Play

Blackdemons - 1 on 5 Attempt(s) - 20.00%
Senators - 1 on 4 Attempt(s) - 25.00%

Penalty Kill

Blackdemons - 3 on 4 Attempt(s) - 75.00% - Score 0 goal in Penalty Kill
Senators - 4 on 5 Attempt(s) - 80.00% - Score 0 goal in Penalty Kill

Team Stat

Blackdemons - Hits : 16 - Faceoff Wins : 25 - Blocked Shots : 25 - Penalty Minutes : 8
Senators - Hits : 23 - Faceoff Wins : 30 - Blocked Shots : 6 - Penalty Minutes : 10

Official

Referees : Kimmerly Greg and Fraser Kerry
Linesman : Lonnie Cameron and David Brisebois

Game Notes

No Game Note

Finance

Level 1 -- Attendance: 1603 (80.15%) -- Ticket Income $52,899
Level 2 -- Attendance: 715 (71.50%) -- Ticket Income $10,725
Total Attendance: 2318 (77.27%)
Total Ticket Income: $63,624
Other Income: $3,181
Total Income: $66,805

Blackdemons

5 vs 5 Forward 
   Center                   Left Wing                Right Wing               Time % Phy DF OF 
 1 Martin Hanzal            Blake Pietila            Ales Kotalik             40     0   2  3  
 2 Patrice Cormier          Andy McDonald            Mikko Lehtonen           30     0   2  3  
 3 Noel Acciari             Scott Wilson             Alexandre Grenier        20     1   2  2  
 4 Kyle Rau                 Mackenzie MacEachern     Max Friberg              10     1   2  2  

5 vs 5 Defense 
   Defense                  Defense                                           Time % Phy DF OF 
 1 Mathew Dumba             Andrew MacDonald                                  40     0   2  3  
 2 Keaton Ellerby           Jeffrey Foss                                      30     0   2  3  
 3 Calvin de Haan           Charles-Olivier Roussel                           20     1   2  2  
 4 Klas Dahlbeck            Brett Kulak                                       10     1   2  2  

PowerPlay Forward 
   Center                   Left Wing                Right Wing               Time % Phy DF OF 
 1 Martin Hanzal            Blake Pietila            Ales Kotalik             60     0   1  4  
 2 Patrice Cormier          Andy McDonald            Mikko Lehtonen           40     0   1  4  

PowerPlay Defense
   Defense                  Defense                                           Time % Phy DF OF 
 1 Keaton Ellerby           Andrew MacDonald                                  60     0   1  4  
 2 Calvin de Haan           Jeffrey Foss                                      40     0   1  4  

Penalty Kill 4 Players Forward 
   Center                   Wing                     Time % Phy DF OF 
 1 Andy McDonald            Martin Hanzal            60     1   4  0  
 2 Ales Kotalik             Patrice Cormier          40     1   4  0  

Penalty Kill 4 Players Defense
   Defense                  Defense                  Time % Phy DF OF 
 1 Keaton Ellerby           Andrew MacDonald         60     1   4  0  
 2 Calvin de Haan           Jeffrey Foss             40     1   4  0  

Penalty Kill - 3 Players Forward 
   Forward                                           Time % Phy DF OF 
 1 Andy McDonald                                     60     1   4  0  
 2 Martin Hanzal                                     40     1   4  0  

Penalty Kill - 3 Players Defense
   Defense                  Defense                  Time % Phy DF OF 
 1 Keaton Ellerby           Andrew MacDonald         60     1   4  0  
 2 Calvin de Haan           Jeffrey Foss             40     1   4  0  

4 vs 4 Forward 
   Center                   Wing                     Time % Phy DF OF 
 1 Andy McDonald            Martin Hanzal            60     1   2  2  
 2 Ales Kotalik             Patrice Cormier          40     1   2  2  

4 vs 4 Defense
   Defense                  Defense                  Time % Phy DF OF 
 1 Keaton Ellerby           Andrew MacDonald         60     1   2  2  
 2 Calvin de Haan           Jeffrey Foss             40     1   2  2  

Last Minutes Offensive
   Center                   Left Wing                Right Wing               Defense                  Defense                  
   Martin Hanzal            Andy McDonald            Ales Kotalik             Keaton Ellerby           Andrew MacDonald         

Last Minutes Defensive
   Center                   Left Wing                Right Wing               Defense                  Defense                  
   Martin Hanzal            Andy McDonald            Ales Kotalik             Keaton Ellerby           Andrew MacDonald         

Goaltenders
Starting : Alexander Salak          
Backup : Matt Hackett             

Extra Forwards
Normal : Alexandre Grenier, Noel Acciari, Kyle Rau - PP : Alexandre Grenier, Noel Acciari - PK : Kyle Rau
Extra Defensemen
Normal : Mathew Dumba, Charles-Olivier Roussel, Keaton Ellerby - PP : Mathew Dumba - PK : Charles-Olivier Roussel, Calvin de Haan
Penalty Shots
Andy McDonald, Martin Hanzal, Ales Kotalik, Patrice Cormier, Mikko Lehtonen

Scratches
Sergei Plotnikov (Fractured Bone in Left Hand Injury), Branko Radivojevic (Healthy), Scott Timmins (Healthy), Dan Bertram (Healthy), Colin Smith (Healthy)
Jyrki Jokipakka (Healthy), Reece Scarlett (Healthy), Ben Maxwell (Healthy), Nicolas Deschamps (Healthy), Jacob Lagacé (Healthy)
James Livingstone (Healthy), Sami Aittokallio (Healthy)

Senators

5 vs 5 Forward 
   Center                   Left Wing                Right Wing               Time % Phy DF OF 
 1 Tommy Wingels            Sergei Kostitsyn         Chris Thorburn           40     1   2  2  
 2 Nick Bjugstad            Gabriel Landeskog        Matt Frattin             30     1   2  2  
 3 Shane Prince             Gabriel Bourque          Marc-André Bernier       20     1   2  2  
 4 Zemgus Girgensons        Patrick Bordeleau        Tomas Jurco              10     1   2  2  

5 vs 5 Defense 
   Defense                  Defense                                           Time % Phy DF OF 
 1 Logan Stephenson         Patrick Wey                                       40     1   2  2  
 2 Jeff Petry               Nicolas Deslauriers                               30     1   2  2  
 3 Dylan Blujus             Keegan Lowe                                       20     1   2  2  
 4 Logan Stephenson         Patrick Wey                                       10     1   2  2  

PowerPlay Forward 
   Center                   Left Wing                Right Wing               Time % Phy DF OF 
 1 Tommy Wingels            Sergei Kostitsyn         Chris Thorburn           60     1   2  2  
 2 Nick Bjugstad            Gabriel Landeskog        Matt Frattin             40     1   2  2  

PowerPlay Defense
   Defense                  Defense                                           Time % Phy DF OF 
 1 Logan Stephenson         Patrick Wey                                       60     1   2  2  
 2 Jeff Petry               Nicolas Deslauriers                               40     1   2  2  

Penalty Kill 4 Players Forward 
   Center                   Wing                     Time % Phy DF OF 
 1 Sergei Kostitsyn         Gabriel Landeskog        60     1   2  2  
 2 Chris Thorburn           Gabriel Bourque          40     1   2  2  

Penalty Kill 4 Players Defense
   Defense                  Defense                  Time % Phy DF OF 
 1 Logan Stephenson         Patrick Wey              60     1   2  2  
 2 Jeff Petry               Nicolas Deslauriers      40     1   2  2  

Penalty Kill - 3 Players Forward 
   Forward                                           Time % Phy DF OF 
 1 Sergei Kostitsyn                                  60     1   2  2  
 2 Gabriel Landeskog                                 40     1   2  2  

Penalty Kill - 3 Players Defense
   Defense                  Defense                  Time % Phy DF OF 
 1 Logan Stephenson         Patrick Wey              60     1   2  2  
 2 Jeff Petry               Nicolas Deslauriers      40     1   2  2  

4 vs 4 Forward 
   Center                   Wing                     Time % Phy DF OF 
 1 Sergei Kostitsyn         Gabriel Landeskog        60     1   2  2  
 2 Chris Thorburn           Gabriel Bourque          40     1   2  2  

4 vs 4 Defense
   Defense                  Defense                  Time % Phy DF OF 
 1 Logan Stephenson         Patrick Wey              60     1   2  2  
 2 Jeff Petry               Nicolas Deslauriers      40     1   2  2  

Last Minutes Offensive
   Center                   Left Wing                Right Wing               Defense                  Defense                  
   Tommy Wingels            Sergei Kostitsyn         Chris Thorburn           Logan Stephenson         Patrick Wey              

Last Minutes Defensive
   Center                   Left Wing                Right Wing               Defense                  Defense                  
   Tommy Wingels            Sergei Kostitsyn         Chris Thorburn           Logan Stephenson         Patrick Wey              

Goaltenders
Starting : Brad Thiessen            
Backup : Ben Bishop               

Extra Forwards
Normal : Ryan Dzingel, Phil Di Giuseppe, Chandler Stephenson - PP : Ryan Dzingel, Phil Di Giuseppe - PK : Chandler Stephenson
Extra Defensemen
Normal : Dylan Blujus, Keegan Lowe, Jeff Petry - PP : Dylan Blujus - PK : Keegan Lowe, Jeff Petry
Penalty Shots
Sergei Kostitsyn, Gabriel Landeskog, Chris Thorburn, Gabriel Bourque, Tommy Wingels

Scratches
Martin Marincin (Right Eye Injury), Shane Sims (Healthy), Matt Tomkins (Healthy)

% Time on Ice - Blackdemons

Lines # - Real PCT - Wanted PCT - Time Play
Normal Forward
1 - 34% - 40% - 15:42
2 - 25% - 30% - 11:54
3 - 22% - 20% - 10:10
4 - 19% - 10% - 9:03
Normal Defense
1 - 38% - 40% - 17:51
2 - 28% - 30% - 13:03
3 - 18% - 20% - 8:25
4 - 16% - 10% - 7:30
PP Forward
1 - 39% - 60% - 2:20
2 - 61% - 40% - 3:43
PP Defense
1 - 69% - 60% - 4:09
2 - 31% - 40% - 1:54
PK Forward
1 - 67% - 60% - 3:11
2 - 33% - 40% - 1:35
PK Defense
1 - 60% - 60% - 2:53
2 - 40% - 40% - 1:53
PK3 Forward
1 - 0% - 60%
2 - 0% - 40%
PK3 Defense
1 - 0% - 60%
2 - 0% - 40%
44 Forward
1 - 71% - 60% - 1:22
2 - 29% - 40% - 0:34
44 Defense
1 - 66% - 60% - 1:17
2 - 34% - 40% - 0:39
Last Minute Offensive  - 0:26
Last Minute Defensive  - 0:00
Total
Forward - 60:00
Defense - 60:00

% Time on Ice - Senators

Lines # - Real PCT - Wanted PCT - Time Play
Normal Forward
1 - 35% - 40% - 16:17
2 - 26% - 30% - 12:24
3 - 22% - 20% - 10:27
4 - 16% - 10% - 7:41
Normal Defense
1 - 39% - 40% - 18:24
2 - 34% - 30% - 15:59
3 - 23% - 20% - 10:47
4 - 4% - 10% - 1:39
PP Forward
1 - 47% - 60% - 2:15
2 - 53% - 40% - 2:31
PP Defense
1 - 71% - 60% - 3:23
2 - 29% - 40% - 1:23
PK Forward
1 - 70% - 60% - 4:14
2 - 30% - 40% - 1:49
PK Defense
1 - 47% - 60% - 2:50
2 - 53% - 40% - 3:13
PK3 Forward
1 - 100% - 60% - 0:05
2 - 0% - 40% - 0:00
PK3 Defense
1 - 100% - 60% - 0:05
2 - 0% - 40% - 0:00
44 Forward
1 - 78% - 60% - 1:27
2 - 22% - 40% - 0:24
44 Defense
1 - 75% - 60% - 1:23
2 - 25% - 40% - 0:28
Last Minute Offensive  - 0:00
Last Minute Defensive  - 0:26
Total
Forward - 60:00
Defense - 60:00

Play by Play

1st period


0:01 of 1st period - Tommy Wingels wins face-off versus Blake Pietila in neutral zone.
0:14 of 1st period - Martin Hanzal is hit by Sergei Kostitsyn and loses puck.
0:27 of 1st period - Gabriel Landeskog is hit by Mathew Dumba.
0:55 of 1st period - Snap shot by Noel Acciari.
0:55 of 1st period - Shot Misses the Net.
0:57 of 1st period - Slapshot by Keaton Ellerby.
0:57 of 1st period - Deflect By Jeff Petry.
0:57 of 1st period - Stopped by Brad Thiessen with a rebound.
1:28 of 1st period - Kyle Rau is hit by Keegan Lowe and loses puck.
1:47 of 1st period - Kyle Rau is hit by Gabriel Bourque and loses puck.
2:31 of 1st period - Wrist shot by Andy McDonald.
2:31 of 1st period - Stopped by Brad Thiessen without a rebound.
2:32 of 1st period - Patrice Cormier wins face-off versus Tommy Wingels in Senators zone.
2:43 of 1st period - Snap shot by Chris Thorburn.
2:43 of 1st period - Shot Blocked by Charles-Olivier Roussel.
2:45 of 1st period - Snap shot by Tommy Wingels.
2:45 of 1st period - Shot Misses the Net.
2:47 of 1st period - Slapshot by Logan Stephenson.
2:47 of 1st period - Shot Misses the Net.
2:59 of 1st period - Icing by Calvin de Haan.
3:00 of 1st period - Patrice Cormier wins face-off versus Shane Prince in Blackdemons zone.
3:21 of 1st period - Snap shot by Patrice Cormier.
3:21 of 1st period - Stopped by Brad Thiessen without a rebound.
3:22 of 1st period - Tommy Wingels wins face-off versus Martin Hanzal in Senators zone.
3:33 of 1st period - Snap shot by Martin Hanzal.
3:33 of 1st period - Shot Misses the Net.
3:39 of 1st period - Tommy Wingels is hit by Klas Dahlbeck and loses puck.
3:46 of 1st period - Patrick Wey is hit by Blake Pietila and loses puck.
4:56 of 1st period - Ales Kotalik is hit by Tommy Wingels and loses puck.
5:48 of 1st period - Snap shot by Sergei Kostitsyn.
5:48 of 1st period - Stopped by Alexander Salak with a rebound.
5:50 of 1st period - Snap shot by Sergei Kostitsyn.
5:50 of 1st period - Shot Blocked by Blake Pietila.
5:52 of 1st period - Slapshot by Chris Thorburn.
5:52 of 1st period - Stopped by Alexander Salak with a rebound.
5:54 of 1st period - Snap shot by Sergei Kostitsyn.
5:54 of 1st period - Shot Misses the Net.
6:18 of 1st period - Snap shot by Chris Thorburn.
6:18 of 1st period - Shot Blocked by Brett Kulak.
6:20 of 1st period - Slapshot by Patrick Wey.
6:20 of 1st period - Shot Misses the Net.
6:35 of 1st period - Minor Penalty to Tommy Wingels for Hooking.
6:36 of 1st period - Patrice Cormier wins face-off versus Chandler Stephenson in Senators zone.
6:38 of 1st period - Wrist shot by Mikko Lehtonen.
6:38 of 1st period - Shot Misses the Net.
6:40 of 1st period - Snap shot by Keaton Ellerby.
6:40 of 1st period - Shot Blocked by Nicolas Deslauriers.
6:44 of 1st period - Snap shot by Andrew MacDonald.
6:44 of 1st period - Shot Misses the Net.
6:46 of 1st period - Slapshot by Patrice Cormier.
6:46 of 1st period - Stopped by Brad Thiessen with a rebound.
6:48 of 1st period - Slapshot by Andrew MacDonald.
6:48 of 1st period - Shot Hit the Post.
6:50 of 1st period - Snap shot by Keaton Ellerby.
6:50 of 1st period - Deflect By Andy McDonald.
6:50 of 1st period - Shot Misses the Net.
6:50 of 1st period - Puck is out of play.
6:51 of 1st period - Chandler Stephenson wins face-off versus Patrice Cormier in Senators zone.
6:59 of 1st period - Off-side.
7:00 of 1st period - Patrice Cormier wins face-off versus Chandler Stephenson in neutral zone.
7:03 of 1st period - Nicolas Deslauriers is hit by Keaton Ellerby and loses puck.
7:26 of 1st period - Snap shot by Mikko Lehtonen.
7:26 of 1st period - Stopped by Brad Thiessen with a rebound.
7:28 of 1st period - Slapshot by Andrew MacDonald.
7:28 of 1st period - Shot Misses the Net.
7:30 of 1st period - Wrist shot by Mikko Lehtonen.
7:30 of 1st period - Stopped by Brad Thiessen without a rebound.
7:31 of 1st period - Zemgus Girgensons wins face-off versus Patrice Cormier in Senators zone.
8:35 of 1st period - Penalty to Tommy Wingels is over, Tommy Wingels is back on ice.
9:49 of 1st period - Max Friberg is hit by Matt Frattin and loses puck.
10:02 of 1st period - Andrew MacDonald is hit by Gabriel Bourque and loses puck.
10:10 of 1st period - Icing by Andrew MacDonald.
10:11 of 1st period - Kyle Rau wins face-off versus Zemgus Girgensons in Blackdemons zone.
11:27 of 1st period - Snap shot by Noel Acciari.
11:27 of 1st period - Stopped by Brad Thiessen without a rebound.
11:28 of 1st period - Noel Acciari wins face-off versus Shane Prince in Senators zone.
11:57 of 1st period - Snap shot by Gabriel Landeskog.
11:57 of 1st period - Stopped by Alexander Salak without a rebound.
11:58 of 1st period - Nick Bjugstad wins face-off versus Patrice Cormier in Blackdemons zone.
12:05 of 1st period - Snap shot by Gabriel Landeskog.
12:05 of 1st period - Deflect By Patrice Cormier.
12:05 of 1st period - Stopped by Alexander Salak with a rebound.
12:07 of 1st period - Snap shot by Gabriel Landeskog.
12:07 of 1st period - Shot Misses the Net.
12:09 of 1st period - Slapshot by Nicolas Deslauriers.
12:09 of 1st period - Shot Blocked by Andrew MacDonald.
12:11 of 1st period - Snap shot by Gabriel Landeskog.
12:11 of 1st period - Stopped by Alexander Salak with a rebound.
12:25 of 1st period - Sergei Kostitsyn is hit by Mathew Dumba and loses puck.
13:33 of 1st period - Snap shot by Chris Thorburn.
13:33 of 1st period - Stopped by Alexander Salak with a rebound.
13:53 of 1st period - Wrist shot by Gabriel Bourque.
13:53 of 1st period - Stopped by Alexander Salak with a rebound.
14:14 of 1st period - Snap shot by Patrice Cormier.
14:14 of 1st period - Stopped by Brad Thiessen without a rebound.
14:15 of 1st period - Tommy Wingels wins face-off versus Patrice Cormier in Senators zone.
14:15 of 1st period - Tommy Wingels is hit by Mathew Dumba.
14:27 of 1st period - Wrist shot by Chris Thorburn.
14:27 of 1st period - Stopped by Alexander Salak without a rebound.
14:28 of 1st period - Patrice Cormier wins face-off versus Nick Bjugstad in Blackdemons zone.
14:37 of 1st period - Snap shot by Andy McDonald.
14:37 of 1st period - Goal by Andy McDonald - Blackdemons : 1 - Senators : 0.
14:38 of 1st period - Martin Hanzal wins face-off versus Nick Bjugstad in neutral zone.
14:47 of 1st period - Andrew MacDonald is hit by Gabriel Landeskog.
15:18 of 1st period - Jeff Petry is hit by Patrice Cormier and loses puck.
16:12 of 1st period - Minor Penalty to Tomas Jurco for Tripping.
16:13 of 1st period - Sergei Kostitsyn wins face-off versus Martin Hanzal in Senators zone.
18:12 of 1st period - Penalty to Tomas Jurco is over, Tomas Jurco is back on ice.
18:29 of 1st period - Slapshot by Logan Stephenson.
18:29 of 1st period - Shot Blocked by Keaton Ellerby.
18:31 of 1st period - Snap shot by Patrick Wey.
18:31 of 1st period - Shot Misses the Net.
19:48 of 1st period - Martin Hanzal is hit by Chris Thorburn.
Goals for this period are 1 for Blackdemons vs 0 for Senators.
Shots for this period are 9 for Blackdemons vs 8 for Senators.

2nd period


0:01 of 2nd period - Nick Bjugstad wins face-off versus Martin Hanzal in neutral zone.
0:50 of 2nd period - Slapshot by Alexandre Grenier.
0:50 of 2nd period - Stopped by Brad Thiessen without a rebound.
0:51 of 2nd period - Shane Prince wins face-off versus Noel Acciari in Senators zone.
0:56 of 2nd period - Slapshot by Noel Acciari.
0:56 of 2nd period - Stopped by Brad Thiessen with a rebound.
1:02 of 2nd period - Wrist shot by Marc-André Bernier.
1:02 of 2nd period - Stopped by Alexander Salak with a rebound.
1:04 of 2nd period - Wrist shot by Gabriel Bourque.
1:04 of 2nd period - Shot Blocked by Jeffrey Foss.
1:06 of 2nd period - Slapshot by Jeff Petry.
1:06 of 2nd period - Deflect By Marc-André Bernier.
1:06 of 2nd period - Shot Blocked by Jeffrey Foss.
1:06 of 2nd period - Puck is out of play.
1:07 of 2nd period - Martin Hanzal wins face-off versus Nick Bjugstad in Blackdemons zone.
1:12 of 2nd period - Slapshot by Keaton Ellerby.
1:12 of 2nd period - Shot Blocked by Logan Stephenson.
1:14 of 2nd period - Slapshot by Ales Kotalik.
1:14 of 2nd period - Stopped by Brad Thiessen with a rebound.
1:20 of 2nd period - Snap shot by Martin Hanzal.
1:20 of 2nd period - Shot Misses the Net.
1:22 of 2nd period - Slapshot by Keaton Ellerby.
1:22 of 2nd period - Stopped by Brad Thiessen without a rebound.
1:23 of 2nd period - Tommy Wingels wins face-off versus Mikko Lehtonen in Senators zone.
2:01 of 2nd period - Gabriel Landeskog is hit by Martin Hanzal and loses puck.
2:12 of 2nd period - Noel Acciari is hit by Jeff Petry and loses puck.
2:34 of 2nd period - Slapshot by Nicolas Deslauriers.
2:34 of 2nd period - Shot Blocked by Max Friberg.
2:38 of 2nd period - Slapshot by Patrick Bordeleau.
2:38 of 2nd period - Shot Misses the Net.
2:40 of 2nd period - Slapshot by Jeff Petry.
2:40 of 2nd period - Shot Misses the Net.
2:42 of 2nd period - Slapshot by Jeff Petry.
2:42 of 2nd period - Shot Misses the Net.
3:00 of 2nd period - Snap shot by Andy McDonald.
3:00 of 2nd period - Stopped by Brad Thiessen with a rebound.
3:02 of 2nd period - Slapshot by Charles-Olivier Roussel.
3:02 of 2nd period - Shot Misses the Net.
3:04 of 2nd period - Slapshot by Charles-Olivier Roussel.
3:04 of 2nd period - Stopped by Brad Thiessen without a rebound.
3:05 of 2nd period - Nick Bjugstad wins face-off versus Martin Hanzal in Senators zone.
3:07 of 2nd period - Minor Penalty to Dylan Blujus for Tripping.
3:08 of 2nd period - Martin Hanzal wins face-off versus Sergei Kostitsyn in Senators zone.
3:12 of 2nd period - Wrist shot by Martin Hanzal.
3:12 of 2nd period - Stopped by Brad Thiessen with a rebound.
3:14 of 2nd period - Snap shot by Martin Hanzal.
3:14 of 2nd period - Stopped by Brad Thiessen with a rebound.
3:16 of 2nd period - Slapshot by Keaton Ellerby.
3:16 of 2nd period - Shot Blocked by Patrick Wey.
3:18 of 2nd period - Slapshot by Keaton Ellerby.
3:18 of 2nd period - Stopped by Brad Thiessen with a rebound.
3:44 of 2nd period - Slapshot by Andrew MacDonald.
3:44 of 2nd period - Deflect By Sergei Kostitsyn.
3:44 of 2nd period - Stopped by Brad Thiessen with a rebound.
4:58 of 2nd period - Patrice Cormier is hit by Logan Stephenson and loses puck.
5:07 of 2nd period - Penalty to Dylan Blujus is over, Dylan Blujus is back on ice.
5:19 of 2nd period - Slapshot by Tomas Jurco.
5:19 of 2nd period - Stopped by Alexander Salak with a rebound.
5:21 of 2nd period - Wrist shot by Tomas Jurco.
5:21 of 2nd period - Shot Blocked by Calvin de Haan.
5:23 of 2nd period - Slapshot by Keegan Lowe.
5:23 of 2nd period - Stopped by Alexander Salak with a rebound.
5:25 of 2nd period - Snap shot by Keegan Lowe.
5:25 of 2nd period - Shot Misses the Net.
5:47 of 2nd period - Jeffrey Foss is hit by Nicolas Deslauriers and loses puck.
6:25 of 2nd period - Wrist shot by Patrick Bordeleau.
6:25 of 2nd period - Shot Misses the Net.
6:45 of 2nd period - Snap shot by Nick Bjugstad.
6:45 of 2nd period - Shot Hit the Post.
7:07 of 2nd period - Wrist shot by Nick Bjugstad.
7:07 of 2nd period - Deflect By Gabriel Landeskog.
7:07 of 2nd period - Stopped by Alexander Salak without a rebound.
7:08 of 2nd period - Martin Hanzal wins face-off versus Nick Bjugstad in Blackdemons zone.
7:13 of 2nd period - Snap shot by Nick Bjugstad.
7:13 of 2nd period - Shot Blocked by Ales Kotalik.
7:29 of 2nd period - Mikko Lehtonen is hit by Sergei Kostitsyn and loses puck.
7:38 of 2nd period - Wrist shot by Chris Thorburn.
7:38 of 2nd period - Shot Hit the Post.
7:44 of 2nd period - Sergei Kostitsyn is hit by Klas Dahlbeck.
7:56 of 2nd period - Wrist shot by Tomas Jurco.
7:56 of 2nd period - Stopped by Alexander Salak with a rebound.
7:58 of 2nd period - Slapshot by Keegan Lowe.
7:58 of 2nd period - Shot Misses the Net.
8:00 of 2nd period - Wrist shot by Keegan Lowe.
8:00 of 2nd period - Stopped by Alexander Salak with a rebound.
8:02 of 2nd period - Snap shot by Tomas Jurco.
8:02 of 2nd period - Shot Misses the Net.
8:04 of 2nd period - Snap shot by Dylan Blujus.
8:04 of 2nd period - Shot Misses the Net.
8:58 of 2nd period - Andrew MacDonald is hit by Sergei Kostitsyn and loses puck.
9:03 of 2nd period - Wrist shot by Sergei Kostitsyn.
9:03 of 2nd period - Deflect By Tommy Wingels.
9:03 of 2nd period - Stopped by Alexander Salak with a rebound.
9:05 of 2nd period - Slapshot by Sergei Kostitsyn.
9:05 of 2nd period - Shot Misses the Net.
9:25 of 2nd period - Wrist shot by Tomas Jurco.
9:25 of 2nd period - Stopped by Alexander Salak without a rebound.
9:26 of 2nd period - Tommy Wingels wins face-off versus Martin Hanzal in Blackdemons zone.
9:27 of 2nd period - Snap shot by Chris Thorburn.
9:27 of 2nd period - Deflect By Sergei Kostitsyn.
9:27 of 2nd period - Stopped by Alexander Salak with a rebound.
9:29 of 2nd period - Slapshot by Logan Stephenson.
9:29 of 2nd period - Shot Misses the Net.
9:31 of 2nd period - Slapshot by Sergei Kostitsyn.
9:31 of 2nd period - Stopped by Alexander Salak with a rebound.
9:33 of 2nd period - Wrist shot by Tommy Wingels.
9:33 of 2nd period - Shot Misses the Net.
9:35 of 2nd period - Wrist shot by Chris Thorburn.
9:35 of 2nd period - Deflect By Sergei Kostitsyn.
9:35 of 2nd period - Shot Misses the Net.
9:35 of 2nd period - Puck is out of play.
9:36 of 2nd period - Ales Kotalik wins face-off versus Sergei Kostitsyn in Blackdemons zone.
9:45 of 2nd period - Snap shot by Logan Stephenson.
9:45 of 2nd period - Shot Misses the Net.
9:47 of 2nd period - Wrist shot by Sergei Kostitsyn.
9:47 of 2nd period - Deflect By Chris Thorburn.
9:47 of 2nd period - Stopped by Alexander Salak with a rebound.
9:49 of 2nd period - Wrist shot by Chris Thorburn.
9:49 of 2nd period - Stopped by Alexander Salak without a rebound.
9:50 of 2nd period - Nick Bjugstad wins face-off versus Martin Hanzal in Blackdemons zone.
10:22 of 2nd period - Wrist shot by Gabriel Bourque.
10:22 of 2nd period - Shot Blocked by Jeffrey Foss.
10:28 of 2nd period - Snap shot by Ales Kotalik.
10:28 of 2nd period - Goal by Ales Kotalik - Blackdemons : 2 - Senators : 0.
10:29 of 2nd period - Tommy Wingels wins face-off versus Patrice Cormier in neutral zone.
10:32 of 2nd period - Andrew MacDonald is hit by Patrick Wey and loses puck.
10:37 of 2nd period - Snap shot by Chris Thorburn.
10:37 of 2nd period - Shot Blocked by Mathew Dumba.
10:39 of 2nd period - Wrist shot by Logan Stephenson.
10:39 of 2nd period - Shot Blocked by Mikko Lehtonen.
10:41 of 2nd period - Snap shot by Sergei Kostitsyn.
10:41 of 2nd period - Shot Blocked by Andrew MacDonald.
10:43 of 2nd period - Slapshot by Patrick Wey.
10:43 of 2nd period - Shot Blocked by Mathew Dumba.
10:45 of 2nd period - Wrist shot by Tommy Wingels.
10:45 of 2nd period - Stopped by Alexander Salak with a rebound.
10:57 of 2nd period - Backhand shot by Andy McDonald.
10:57 of 2nd period - Stopped by Brad Thiessen with a rebound.
10:59 of 2nd period - Slapshot by Andrew MacDonald.
10:59 of 2nd period - Deflect By Ales Kotalik.
10:59 of 2nd period - Shot Misses the Net.
10:59 of 2nd period - Puck is out of play.
11:00 of 2nd period - Martin Hanzal wins face-off versus Nick Bjugstad in Senators zone.
11:09 of 2nd period - Slapshot by Gabriel Landeskog.
11:09 of 2nd period - Stopped by Alexander Salak with a rebound.
11:11 of 2nd period - Slapshot by Nicolas Deslauriers.
11:11 of 2nd period - Stopped by Alexander Salak without a rebound.
11:12 of 2nd period - Blake Pietila wins face-off versus Tommy Wingels in Blackdemons zone.
11:12 of 2nd period - Blake Pietila is hit by Sergei Kostitsyn.
11:15 of 2nd period - Minor Penalty to Mathew Dumba for Cross-checking.
11:16 of 2nd period - Tommy Wingels wins face-off versus Andy McDonald in Blackdemons zone.
11:46 of 2nd period - Snap shot by Logan Stephenson.
11:46 of 2nd period - Shot Misses the Net.
12:10 of 2nd period - Snap shot by Patrice Cormier.
12:10 of 2nd period - Shot Blocked by Jeff Petry.
12:12 of 2nd period - Wrist shot by Ales Kotalik.
12:12 of 2nd period - Shot Misses the Net.
12:14 of 2nd period - Slapshot by Ales Kotalik.
12:14 of 2nd period - Shot Misses the Net.
12:16 of 2nd period - Wrist shot by Keaton Ellerby.
12:16 of 2nd period - Deflect By Jeff Petry.
12:16 of 2nd period - Stopped by Brad Thiessen without a rebound.
12:17 of 2nd period - Gabriel Landeskog wins face-off versus Andy McDonald in Senators zone.
12:22 of 2nd period - Snap shot by Nick Bjugstad.
12:22 of 2nd period - Stopped by Alexander Salak with a rebound.
12:24 of 2nd period - Wrist shot by Nick Bjugstad.
12:24 of 2nd period - Shot Misses the Net.
13:15 of 2nd period - Penalty to Mathew Dumba is over, Mathew Dumba is back on ice.
13:27 of 2nd period - Wrist shot by Marc-André Bernier.
13:27 of 2nd period - Stopped by Alexander Salak with a rebound.
13:29 of 2nd period - Snap shot by Nicolas Deslauriers.
13:29 of 2nd period - Stopped by Alexander Salak with a rebound.
13:31 of 2nd period - Snap shot by Shane Prince.
13:31 of 2nd period - Deflect By Marc-André Bernier.
13:31 of 2nd period - Stopped by Alexander Salak with a rebound.
13:33 of 2nd period - Slapshot by Nicolas Deslauriers.
13:33 of 2nd period - Shot Misses the Net.
13:52 of 2nd period - Wrist shot by Tomas Jurco.
13:52 of 2nd period - Stopped by Alexander Salak with a rebound.
14:48 of 2nd period - Snap shot by Keaton Ellerby.
14:48 of 2nd period - Stopped by Brad Thiessen with a rebound.
14:56 of 2nd period - Logan Stephenson is hit by Jeffrey Foss and loses puck.
15:55 of 2nd period - Snap shot by Jeff Petry.
15:55 of 2nd period - Shot Blocked by Calvin de Haan.
16:01 of 2nd period - Wrist shot by Tomas Jurco.
16:01 of 2nd period - Goal by Tomas Jurco - Blackdemons : 2 - Senators : 1.
16:02 of 2nd period - Martin Hanzal wins face-off versus Tommy Wingels in neutral zone.
16:13 of 2nd period - Wrist shot by Ales Kotalik.
16:13 of 2nd period - Shot Misses the Net.
16:19 of 2nd period - Martin Hanzal is hit by Tommy Wingels.
16:29 of 2nd period - Andrew MacDonald is hit by Logan Stephenson and loses puck.
17:39 of 2nd period - Tommy Wingels is hit by Ales Kotalik and loses puck.
18:00 of 2nd period - Andrew MacDonald is hit by Shane Prince and loses puck.
18:33 of 2nd period - Kyle Rau is hit by Chris Thorburn and loses puck.
18:55 of 2nd period - Blake Pietila is hit by Tomas Jurco and loses puck.
19:05 of 2nd period - Off-side.
19:06 of 2nd period - Shane Prince wins face-off versus Patrice Cormier in neutral zone.
19:15 of 2nd period - Snap shot by Andy McDonald.
19:15 of 2nd period - Stopped by Brad Thiessen without a rebound.
19:16 of 2nd period - Patrice Cormier wins face-off versus Tommy Wingels in Senators zone.
19:21 of 2nd period - Wrist shot by Patrice Cormier.
19:21 of 2nd period - Stopped by Brad Thiessen with a rebound.
19:43 of 2nd period - Icing by Patrick Wey.
19:44 of 2nd period - Matt Frattin wins face-off versus Martin Hanzal in Senators zone.
19:44 of 2nd period - Matt Frattin is hit by Ales Kotalik.
Goals for this period are 1 for Blackdemons vs 1 for Senators.
Shots for this period are 16 for Blackdemons vs 21 for Senators.

3rd period


0:01 of 3rd period - Tommy Wingels wins face-off versus Martin Hanzal in neutral zone.
0:10 of 3rd period - Wrist shot by Martin Hanzal.
0:10 of 3rd period - Stopped by Brad Thiessen with a rebound.
1:23 of 3rd period - Tomas Jurco is hit by Scott Wilson and loses puck.
2:08 of 3rd period - Wrist shot by Marc-André Bernier.
2:08 of 3rd period - Stopped by Alexander Salak without a rebound.
2:09 of 3rd period - Noel Acciari wins face-off versus Nick Bjugstad in Blackdemons zone.
3:00 of 3rd period - Slapshot by Patrick Bordeleau.
3:00 of 3rd period - Shot Misses the Net.
3:02 of 3rd period - Snap shot by Tomas Jurco.
3:02 of 3rd period - Shot Misses the Net.
3:04 of 3rd period - Snap shot by Patrick Bordeleau.
3:04 of 3rd period - Stopped by Alexander Salak with a rebound.
3:06 of 3rd period - Snap shot by Patrick Bordeleau.
3:06 of 3rd period - Shot Blocked by Keaton Ellerby.
3:46 of 3rd period - Snap shot by Nick Bjugstad.
3:46 of 3rd period - Stopped by Alexander Salak with a rebound.
3:48 of 3rd period - Slapshot by Nicolas Deslauriers.
3:48 of 3rd period - Stopped by Alexander Salak without a rebound.
3:49 of 3rd period - Patrice Cormier wins face-off versus Tommy Wingels in Blackdemons zone.
3:54 of 3rd period - Slapshot by Andrew MacDonald.
3:54 of 3rd period - Shot Blocked by Logan Stephenson.
3:56 of 3rd period - Wrist shot by Andy McDonald.
3:56 of 3rd period - Shot Misses the Net.
3:58 of 3rd period - Snap shot by Patrice Cormier.
3:58 of 3rd period - Shot Misses the Net.
4:00 of 3rd period - Snap shot by Andy McDonald.
4:00 of 3rd period - Stopped by Brad Thiessen without a rebound.
4:01 of 3rd period - Sergei Kostitsyn wins face-off versus Patrice Cormier in Senators zone.
4:01 of 3rd period - Sergei Kostitsyn is hit by Mikko Lehtonen.
4:13 of 3rd period - Snap shot by Sergei Kostitsyn.
4:13 of 3rd period - Stopped by Alexander Salak without a rebound.
4:14 of 3rd period - Patrice Cormier wins face-off versus Tommy Wingels in Blackdemons zone.
4:27 of 3rd period - Mikko Lehtonen is hit by Tommy Wingels and loses puck.
4:40 of 3rd period - Mathew Dumba is hit by Patrick Wey and loses puck.
5:30 of 3rd period - Wrist shot by Patrick Bordeleau.
5:30 of 3rd period - Deflect By Zemgus Girgensons.
5:30 of 3rd period - Stopped by Alexander Salak with a rebound.
5:32 of 3rd period - Snap shot by Patrick Bordeleau.
5:32 of 3rd period - Shot Misses the Net.
6:26 of 3rd period - Snap shot by Gabriel Bourque.
6:26 of 3rd period - Deflect By Shane Prince.
6:26 of 3rd period - Goal by Shane Prince - Blackdemons : 2 - Senators : 2.
6:27 of 3rd period - Tommy Wingels wins face-off versus Martin Hanzal in neutral zone.
6:35 of 3rd period - Minor Penalty to Blake Pietila for Slashing.
6:36 of 3rd period - Tommy Wingels wins face-off versus Andy McDonald in Blackdemons zone.
7:46 of 3rd period - Snap shot by Jeffrey Foss.
7:46 of 3rd period - Stopped by Brad Thiessen without a rebound.
7:47 of 3rd period - Gabriel Landeskog wins face-off versus Ales Kotalik in Senators zone.
7:51 of 3rd period - Off-side.
7:52 of 3rd period - Nick Bjugstad wins face-off versus Ales Kotalik in neutral zone.
8:04 of 3rd period - Snap shot by Matt Frattin.
8:04 of 3rd period - Shot Misses the Net.
8:06 of 3rd period - Snap shot by Gabriel Landeskog.
8:06 of 3rd period - Shot Blocked by Andrew MacDonald.
8:08 of 3rd period - Snap shot by Patrick Wey.
8:08 of 3rd period - Stopped by Alexander Salak with a rebound.
8:10 of 3rd period - Wrist shot by Gabriel Landeskog.
8:10 of 3rd period - Shot Misses the Net.
8:12 of 3rd period - Wrist shot by Nick Bjugstad.
8:12 of 3rd period - Shot Blocked by Keaton Ellerby.
8:14 of 3rd period - Slapshot by Logan Stephenson.
8:14 of 3rd period - Shot Blocked by Andrew MacDonald.
8:22 of 3rd period - Snap shot by Nick Bjugstad.
8:22 of 3rd period - Shot Misses the Net.
8:24 of 3rd period - Slapshot by Logan Stephenson.
8:24 of 3rd period - Deflect By Matt Frattin.
8:24 of 3rd period - Shot Misses the Net.
8:24 of 3rd period - Puck is out of play.
8:25 of 3rd period - Tommy Wingels wins face-off versus Andy McDonald in Blackdemons zone.
8:35 of 3rd period - Penalty to Blake Pietila is over, Blake Pietila is back on ice.
8:40 of 3rd period - Slapshot by Calvin de Haan.
8:40 of 3rd period - Shot Blocked by Jeff Petry.
8:45 of 3rd period - Icing by Chris Thorburn.
8:46 of 3rd period - Noel Acciari wins face-off versus Tommy Wingels in Senators zone.
8:59 of 3rd period - Snap shot by Sergei Kostitsyn.
8:59 of 3rd period - Shot Misses the Net.
9:01 of 3rd period - Slapshot by Nicolas Deslauriers.
9:01 of 3rd period - Shot Blocked by Mathew Dumba.
9:10 of 3rd period - Minor Penalty to Alexandre Grenier for Roughing.
9:11 of 3rd period - Nick Bjugstad wins face-off versus Andy McDonald in Blackdemons zone.
9:55 of 3rd period - Wrist shot by Patrick Wey.
9:55 of 3rd period - Goal by Patrick Wey - Blackdemons : 2 - Senators : 3.
9:56 of 3rd period - Tommy Wingels wins face-off versus Martin Hanzal in neutral zone.
12:09 of 3rd period - Wrist shot by Tomas Jurco.
12:09 of 3rd period - Shot Misses the Net.
12:11 of 3rd period - Wrist shot by Tomas Jurco.
12:11 of 3rd period - Shot Blocked by Calvin de Haan.
12:13 of 3rd period - Wrist shot by Patrick Bordeleau.
12:13 of 3rd period - Stopped by Alexander Salak without a rebound.
12:14 of 3rd period - Zemgus Girgensons wins face-off versus Patrice Cormier in Blackdemons zone.
12:15 of 3rd period - Snap shot by Nicolas Deslauriers.
12:15 of 3rd period - Shot Misses the Net.
13:02 of 3rd period - Wrist shot by Nicolas Deslauriers.
13:02 of 3rd period - Deflect By Noel Acciari.
13:02 of 3rd period - Stopped by Alexander Salak with a rebound.
13:04 of 3rd period - Slapshot by Nicolas Deslauriers.
13:04 of 3rd period - Shot Blocked by Scott Wilson.
13:06 of 3rd period - Slapshot by Nicolas Deslauriers.
13:06 of 3rd period - Stopped by Alexander Salak with a rebound.
13:08 of 3rd period - Wrist shot by Nick Bjugstad.
13:08 of 3rd period - Shot Blocked by Noel Acciari.
13:45 of 3rd period - Andrew MacDonald is hit by Tommy Wingels and loses puck.
14:15 of 3rd period - Nick Bjugstad is hit by Scott Wilson and loses puck.
14:39 of 3rd period - Snap shot by Nick Bjugstad.
14:39 of 3rd period - Shot Blocked by Andrew MacDonald.
14:41 of 3rd period - Wrist shot by Gabriel Landeskog.
14:41 of 3rd period - Stopped by Alexander Salak with a rebound.
14:43 of 3rd period - Snap shot by Nick Bjugstad.
14:43 of 3rd period - Stopped by Alexander Salak without a rebound.
14:44 of 3rd period - Kyle Rau wins face-off versus Chris Thorburn in Blackdemons zone.
14:53 of 3rd period - Snap shot by Chris Thorburn.
14:53 of 3rd period - Shot Misses the Net.
15:05 of 3rd period - Slapshot by Jeffrey Foss.
15:05 of 3rd period - Stopped by Brad Thiessen with a rebound.
15:47 of 3rd period - Snap shot by Ales Kotalik.
15:47 of 3rd period - Shot Misses the Net.
16:29 of 3rd period - Slapshot by Calvin de Haan.
16:29 of 3rd period - Stopped by Brad Thiessen with a rebound.
16:51 of 3rd period - Minor Penalty to Charles-Olivier Roussel for Interference.
16:52 of 3rd period - Martin Hanzal wins face-off versus Tommy Wingels in Blackdemons zone.
16:54 of 3rd period - Minor Penalty to Chris Thorburn for Tripping.
16:55 of 3rd period - Sergei Kostitsyn wins face-off versus Andy McDonald in Senators zone.
16:57 of 3rd period - Minor Penalty to Logan Stephenson for Interference.
16:58 of 3rd period - Andy McDonald wins face-off versus Sergei Kostitsyn in Senators zone.
17:02 of 3rd period - Wrist shot by Andy McDonald.
17:02 of 3rd period - Deflect By Sergei Kostitsyn.
17:02 of 3rd period - Goal by Andy McDonald - Blackdemons : 3 - Senators : 3.
17:03 of 3rd period - Andy McDonald wins face-off versus Sergei Kostitsyn in neutral zone.
17:14 of 3rd period - Slapshot by Martin Hanzal.
17:14 of 3rd period - Stopped by Brad Thiessen with a rebound.
18:51 of 3rd period - Penalty to Charles-Olivier Roussel is over, Charles-Olivier Roussel is back on ice.
18:57 of 3rd period - Penalty to Logan Stephenson is over, Logan Stephenson is back on ice.
18:58 of 3rd period - Slapshot by Keaton Ellerby.
18:58 of 3rd period - Stopped by Brad Thiessen without a rebound.
18:59 of 3rd period - Martin Hanzal wins face-off versus Marc-André Bernier in Senators zone.
19:33 of 3rd period - Snap shot by Chris Thorburn.
19:33 of 3rd period - Goal by Chris Thorburn - Blackdemons : 3 - Senators : 4.
19:34 of 3rd period - Tommy Wingels wins face-off versus Martin Hanzal in neutral zone.
19:49 of 3rd period - Tommy Wingels is hit by Keaton Ellerby and loses puck.
19:52 of 3rd period - Blackdemons, Alexander Salak is pulled from the net.
Goals for this period are 1 for Blackdemons vs 3 for Senators.
Shots for this period are 8 for Blackdemons vs 15 for Senators.